Map: Oceanborn LE

Players

SubN

  • Race: Zerg Zerg
  • League: Diamond
  • Spawn Location: 11:00

ThickCheeks - Winner!

  • Race: Zerg Zerg
  • League: Diamond
  • Spawn Location: 5:00

VOD

Have the link to the VOD?

Description

Time

  • Played on: Jan. 20, 2024, 6:24 p.m.
  • Length: 4:05
Show
View Real Time Build Order
Export as new Build Order

SubN Zerg 

Build Orders: Hatch First 

Get SALT Encoding   

  12  0:00  Drone  
  13  0:12  Overlord  
  13  0:17  Drone  
  14  0:30  Drone x2  
  16  0:49  Hatchery  
  15  0:51  Drone  
  15  0:55  Drone  
  17  0:59  Drone  
  18  1:05  Extractor  
  17  1:14  Spawning Pool  
  17  1:17  Drone  
  17  1:20  Drone  
  18  1:27  Drone  
  19  1:38  Drone  
  20  1:49  Overlord  
  20  2:00  Drone  
  21  2:01  Queen x2  
  21  2:03  Drone  
  26  2:10  Drone  
  26  2:15  Drone  
  28  2:26  Drone x2  
  30  2:36  Drone x2  
  32  2:37  Queen  
  32  2:39  Lair  
  32  2:42  Extractor  
  32  2:43  Drone  
  34  2:45  Overlord  
  34  2:56  Drone x2  
  36  3:04  Drone  
  37  3:06  Drone  
  38  3:16  Drone x3  
  41  3:24  Drone x2  
  41  3:25  Baneling Nest  
  42  3:27  Drone, Extractor  
  42  3:36  Zergling x2  
  42  3:41  Evolution Chamber  
  42  3:42  Evolution Chamber  
  42  3:43  Evolution Chamber  
  42  3:46  Spine Crawler  
  39  3:48  Spine Crawler  
Show
View Real Time Build Order
Export as new Build Order

ThickCheeks Zerg - Winner!

Build Orders: Hatch First 

Get SALT Encoding   

  12  0:00  Drone  
  13  0:12  Overlord  
  13  0:19  Drone  
  14  0:31  Drone x2  
  14  0:34  Drone  
  17  0:52  Hatchery  
  17  0:55  Drone  
  17  0:57  Drone  
  18  1:12  Spawning Pool  
  18  1:13  Extractor  
  18  1:16  Drone  
  17  1:19  Drone  
  18  1:28  Drone  
  19  1:40  Drone  
  20  1:49  Drone  
  21  2:00  Drone  
  22  2:03  Queen  
  22  2:04  Queen  
  22  2:05  Overlord  
  26  2:11  Overlord  
  26  2:14  Metabolic Boost  
  26  2:28  Hatchery  
  25  2:31  Drone  
  25  2:33  Drone  
  25  2:36  Drone  
  28  2:46  Baneling Nest  
  28  2:47  Zergling x2  
  28  2:48  Zergling x2  
  29  2:51  Zergling x2  
  29  2:53  Zergling x2  
  29  2:56  Zergling x2  
  32  3:00  Zergling x2  
  33  3:08  Zergling x2  
  33  3:09  Zergling x2  
  35  3:14  Zergling x2  
  35  3:16  Overlord  
  35  3:17  Overlord  
  36  3:36  Baneling x2  
  36  3:40  Drone  
  41  3:41  Drone x6  
Tags
 
Add a new tag
Caveats
  • Supply blocks, unpowered buildings, or Contaminate may cause inaccurate times.
  • Supply counts are checked every 10 seconds.